 Dungeon Crawl Stone Soup version 0.26.1-11-gd32895ea62 (webtiles) character file.

Game seed: 10119781939408503953

287475 dtburroughs the Warrior (level 19, 0/120 (180) HPs)
             Began as a Minotaur Berserker on July 19, 2021.
             Was a High Priest of Trog.
             Killed by vampiric draining
             ... invoked by a ghostly deep elf death mage
              (9 damage)
             ... on level 2 of the Elven Halls.
             The game lasted 02:39:53 (65107 turns).

dtburroughs the Warrior (Minotaur Berserker)       Turns: 65107, Time: 02:39:54

HP:   0/120 (180)   AC: 27    Str: 24    XL:     19   Next: 86%
MP:   6/6           EV: 23    Int:  7    God:    Trog [*****.]
Gold: 3680          SH: 17    Dex: 17    Spells: 18/18 levels left

rFire    + . .     SeeInvis .   D - +4 war axe (antimagic)
rCold    + . .     Faith    +   I - +4 kite shield {rC+}
rNeg     . . .     Spirit   .   B - +5 ring mail of the Harvest Moon {rPois rF+ Dex+4}
rPois    +         Reflect  .   O - +2 hat
rElec    .         Harm     .   d - +2 cloak {Stlth+}
rCorr    +         Rampage  .   Z - +2 pair of gloves
Will     ++++.                  P - +2 pair of boots
Stlth    +.........             Q - amulet of faith
HPRegen  1.30/turn              j - ring of willpower
MPRegen  0.10/turn              y - ring of resist corrosion

@: regenerating, very heavily drained
A: retaliatory headbutt, horns 2
}: 2/15 runes: decaying, gossamer
a: Renounce Religion, Berserk, Trog's Hand, Brothers in Arms


You were on level 2 of the Elven Halls.
You worshipped Trog.
Trog was extremely pleased with you.
You visited 7 branches of the dungeon, and saw 35 of its levels.
You visited the Abyss 1 time.
You also visited: Gauntlet and Ice Cave.

You collected 5972 gold pieces.
You spent 2292 gold pieces at shops.

Inventory:

Hand Weapons
 x - the +11 mace of Yredelemnul's Hope {flame, rF++}
   (You took it off a kobold demonologist on level 14 of the Dungeon)

   It has been specially enchanted to burn those struck by it, causing extra
   injury to most foes and up to half again as much damage against particularly
   susceptible opponents.
   It greatly protects you from fire.
 D - a +4 antimagic war axe (weapon)
 M - a +4 broad axe of venom
Armour
 d - a +2 cloak of stealth (worn)
 B - the +5 ring mail of the Harvest Moon (worn) {rPois rF+ Dex+4}
   (You found it on level 6 of the Dungeon)

   It affects your dexterity (+4).
   It protects you from fire.
   It protects you from poison.
 I - a +4 kite shield of cold resistance (worn)
 O - a +2 hat (worn)
 P - a +2 pair of boots (worn)
 Z - a +2 pair of gloves (worn)
Jewellery
 f - an uncursed ring of positive energy
 j - a ring of willpower (left hand)
 s - the ring of Feurr {rF+ Str+4}
   (You acquired it on level 1 of the Lair of Beasts)

   [ring of protection from fire]

   It affects your strength (+4).
   It protects you from fire.
 u - an uncursed ring of flight
 y - a ring of resist corrosion (right hand)
 Q - an amulet of faith (around neck)
 R - an uncursed ring of protection from cold
 S - a +6 ring of intelligence
Wands
 b - a wand of enslavement (7)
 c - a wand of acid (11)
 o - a wand of disintegration (9)
 r - a wand of digging (17)
 w - a wand of random effects (54)
 A - a wand of polymorph (29)
 F - a wand of paralysis (21)
 T - a wand of flame (32)
 U - a wand of iceblast (1)
Scrolls
 e - 16 scrolls of remove curse
 g - 2 scrolls of identify
 h - a scroll of immolation
 l - 24 scrolls of teleportation
 m - 13 scrolls of blinking
 q - 4 scrolls of enchant armour
 z - a scroll of acquirement
 C - 2 scrolls of summoning
 H - 4 scrolls of fog
 J - 4 scrolls of fear
 K - 2 scrolls of magic mapping
 Y - 2 scrolls of silence
Potions
 a - a potion of magic
 i - a potion of flight
 n - 6 potions of lignification
 p - 14 potions of curing
 t - a potion of invisibility
 v - 4 potions of resistance
 L - a potion of might
 N - 3 potions of cancellation
 W - 4 potions of ambrosia
Miscellaneous
 k - a box of beasts
 E - a phantom mirror
 G - a lightning rod (4/4)
 X - a tin of tremorstones (2/2)


   Skills:
 + Level 18.4 Fighting
 + Level 18.4 Axes
 + Level 18.3 Armour
 + Level 16.9 Dodging
 + Level 12.1 Shields
 + Level 14.3 Evocations


You had 18 spell levels left.
You didn't know any spells.
Your spell library was empty.

Dungeon Overview and Level Annotations

Branches:
Dungeon (15/15)            Temple (0/1) D:5            Lair (6/6) D:9
  Swamp (4/4) Lair:3       Spider (4/4) Lair:2        Slime (0/5) Lair:6
    Orc (2/2) D:11            Elf (3/3) Orc:2        Vaults (1/5) D:13
 Depths (0/5) D:15          IceCv (visited)         Gauntlet (visited)

Altars:
Ashenzari
Dithmenos
Fedhas
Gozag
Kikubaaqudgha
Makhleb
Okawaru
Uskayaw
Xom
Yredelemnul
The Shining One
Beogh
Jiyva

Shops:
D:15 ?   Orc:1 [*=(   Orc:2 (([*=(?

Annotations:
D:10 1 runed translucent door, exclusion: oklob sapling, Hypnoxylon's ghost, novice TrFi
D:13 3 runed translucent doors, exclusion: obsidian statue, Gorgoleon's ghost, adept MfGl
Lair:2 exclusion: ice statue
Lair:4 exclusion: oklob plant
Vaults:1 exclusion: 2 lightning spires


Innate Abilities, Weirdness & Mutations

You reflexively headbutt those who attack you in melee.
You have a pair of horns on your head.


Message History

The deep elf death mage gestures at you while chanting.
The bolt of negative energy hits you.
You feel drained.
* * * LOW HITPOINT WARNING * * *
You slice the deep elf death mage!!
The lost soul assumes the form of the deep elf death mage and becomes anchored to this world!
You block the ghostly deep elf death mage's attack.
You slash the ghostly deep elf death mage!
The ghostly deep elf death mage's magic leaks into the air.
The ghostly deep elf death mage is lightly damaged.
You slash the ghostly deep elf death mage!
The ghostly deep elf death mage's magic leaks into the air.
The ghostly deep elf death mage is moderately damaged.
The ghostly deep elf death mage casts a spell at you.
The bolt of negative energy hits you!!
You feel drained.
* * * LOW HITPOINT WARNING * * *
You slash the ghostly deep elf death mage!
The ghostly deep elf death mage's magic leaks into the air.
The ghostly deep elf death mage is heavily damaged.
The ghostly deep elf death mage is infused with unholy energy.
You die...

#.##.###......#.#
#.##.# ##.###..(#
#.##.####.# ####)
#.........# ##.(
#####.##.### ##..(
#.........####...(
#.###......).'...)
#.# #.#...####...(
#@###.##.## ##...
#)e##.....######..
##>[#####..#...###(
#[[.#####...###.###
##.........## ##.##
#######..## ##.#
#..# #.# #..## ##..
#..(## ##...


You could see a ghostly deep elf death mage (empowered).

Vanquished Creatures
  Nikola (Spider:3)
  Arachne (Spider:2)
  A deep elf master archer (Elf:3)
  2 deep elf blademasters (Elf:2)
  Frances (Elf:1)
  Kirke (D:14)
  Donald (Elf:1)
  An iron dragon (Vaults:1)
  A frost giant (IceCv)
  4 vault wardens (Vaults:1)
  An orc warlord (Orc:2)
  A deep elf sorcerer (Elf:1)
  Louise (Spider:4)
  Aizul (Swamp:3)
  5 ghost moths
  3 emperor scorpions
  A deep elf elementalist (Elf:2)
  2 ironheart preservers (Vaults:1)
  A stone giant (Vaults:1)
  2 deep elf demonologists (Elf:2)
  3 deep elf annihilators
  5 bunyips
  5 spark wasps
  4 entropy weavers
  5 deep elf death magi (Elf:2)
  Snorg (D:10)
  2 eleionomae
  An eidolon (Abyss:2)
  A shambling mangrove (Swamp:2)
  A yaktaur captain (Vaults:1)
  A fire dragon (D:13)
  A great orb of eyes (Vaults:1)
  Fannar (Lair:2)
  A deep elf high priest (Elf:2)
  Harold (D:7)
  2 catoblepae
  21 hydras
  A merfolk avatar (Lair:6)
  6 boulder beetles
  2 ghost crabs (Swamp:4)
  An ice dragon (Lair:2)
  3 ogre magi (Vaults:1)
  A death knight (D:14)
  6 alligators
  26 dancing weapons
  5 death yaks (D:8)
  6 centaur warriors
  3 two-headed ogres
  6 tengu warriors
  Urug (Lair:4)
  3 orc high priests
  A shock serpent (Vaults:1)
  14 deep elf knights
  A fire crab (Gauntlet)
  5 goliath frogs
  5 skeletal warriors
  2 unseen horrors
  A glowing orange brain (Vaults:1)
  2 spriggan druids
  A flayed ghost (D:15)
  6 swamp dragons
  2 wizards (Vaults:1)
  3 phantasmal warriors
  9 bog bodies
  4 ironbrand convokers (Vaults:1)
  2 spectral hydras (Swamp:4)
  A death drake (Swamp:4)
  14 deep elf archers
  4 orc knights
  4 will-o-the-wisps
  A fire giant zombie (D:15)
  5 orb spiders
  A stone giant zombie (D:15)
  2 orc sorcerers (Orc:2)
  46 deep elf magi
  6 cyclopes
  2 manticores
  An oklob plant (Lair:5)
  2 worldbinders (Vaults:1)
  7 ugly things
  21 wolf spiders
  2 black mambas
  2 centaur zombies
  4 moths of wrath
  A vault sentinel (D:13)
  A naga mage (Vaults:1)
  15 cane toads
  8 elephants
  An ice statue (IceCv)
  A torpor snail (Spider:2)
  2 gargoyles (Gauntlet)
  2 swamp worm zombies (Swamp:4)
  A spriggan zombie (D:15)
  5 kobold demonologists
  14 demonic crawlers
  10 komodo dragons
  5 rime drakes
  A freezing wraith (D:15)
  3 tengu conjurers
  A bloated husk (Swamp:4)
  2 hydra zombies (Swamp:4)
  14 yaktaurs (Vaults:1)
  A harpy zombie (D:15)
  2 ancient zymes (Abyss:2)
  4 trolls
  A meliai (shapeshifter) (Elf:2)
  28 jumping spiders
  A queen bee (Gauntlet)
  9 tyrant leeches
  19 polar bears
  30 blink frogs
  20 hornets
  2 wind drakes (Lair:6)
  14 slime creatures
  A meliai zombie (D:14)
  2 spectral swamp dragons (Swamp:4)
  A raiju (Vaults:1)
  4 alligator zombies (Swamp:4)
  A deep troll skeleton (D:15)
  51 redbacks
  A shadow (D:14)
  29 tarantellas
  3 air elementals
  4 wraiths
  2 vampires
  A water elemental (Elf:1)
  6 wyverns
  61 yaks
  12 spriggans
  5 hogs (D:14)
  3 fire elementals
  Eustachio (D:5)
  4 fire bats (Gauntlet)
  A chaos spawn (Gauntlet)
  A neqoxec (Gauntlet)
  A steam dragon (Lair:3)
  5 basilisks
  10 vampire mosquitoes
  11 swamp worms
  A soldier ant (D:14)
  An acid dragon (D:14)
  21 water moccasins
  29 orc warriors
  9 ice beasts
  4 swamp drakes
  An ice beast (shapeshifter) (D:14)
  3 black bears
  2 eyes of draining (D:14)
  4 swamp dragon zombies (Swamp:4)
  6 sky beasts
  7 phantoms
  A necrophage (D:12)
  7 centaurs
  14 ogres
  22 wolves
  2 boggarts (Vaults:1)
  2 big kobolds
  A small abomination (Abyss:2)
  10 bullfrogs
  4 earth elementals
  A wyvern skeleton (D:13)
  7 scorpions
  7 killer bees
  12 wights
  3 electric eels
  6 howler monkeys
  A quasit (D:8)
  A bullfrog zombie (D:10)
  19 jellies
  7 centaur skeletons
  15 orc priests
  A gnoll shaman (D:6)
  10 hounds
  2 bullfrog skeletons
  4 iguanas
  25 orc wizards
  3 spectral swamp drakes (Swamp:4)
  11 worker ants
  A worker ant zombie (D:7)
  Robin (D:3)
  7 gnolls
  16 adders
  A howler monkey skeleton (D:6)
  5 white imps (Lair:2)
  An ufetubus (D:6)
  10 oozes
  3 adder skeletons
  2 worms
  8 leopard geckos
  74 orcs
  8 ball pythons
  7 bats
  4 giant cockroaches
  18 goblins
  13 hobgoblins
  6 jackals
  6 quokkas
  10 frilled lizards
  25 kobolds
  A leopard gecko skeleton (D:4)
  A leopard gecko zombie (D:6)
  A quokka skeleton (D:4)
  7 rats
1302 creatures vanquished.

Vanquished Creatures (collateral kills)
  Mara (Spider:4)
  A bone dragon (Swamp:4)
  Rupert (Lair:3)
  A sphinx (Vaults:1)
  Gastronok (Lair:3)
  A deep elf elementalist (Elf:2)
  A minotaur (Gauntlet)
  An eidolon (Vaults:1)
  A hydra (Lair:6)
  An ogre mage (Vaults:1)
  A shock serpent (Vaults:1)
  A deep elf archer (Vaults:1)
  A deep elf mage (Vaults:1)
  A wolf spider (Spider:4)
  A cyclops (Vaults:1)
  A cane toad (Lair:3)
  2 jumping spiders (Spider:4)
  A tyrant leech (Swamp:2)
  A redback (Spider:4)
  A sky beast (Vaults:1)
  A bullfrog (Lair:3)
22 creatures vanquished.

Vanquished Creatures (others)
  A centaur warrior (D:13)
  A spriggan druid (Swamp:3)
  A spectral hydra (Swamp:4)
  A necromancer (D:15)
  A hydra zombie (Swamp:4)
  11 bloated husks
  An alligator zombie (Swamp:4)
  An orc warrior (Orc:1)
  2 phantoms (Swamp:4)
  A ball lightning (Vaults:1)
  A bush (Lair:6)
  13 demonic plants (Gauntlet)
  16 foxfires
  45 fungi
  95 plants
  11 toadstools (D:3)
  9 withered plants (D:15)
211 creatures vanquished.

Grand Total: 1535 creatures vanquished

Notes
Turn   | Place    | Note
-------+----------+-------------------------------------------
     0 | D:1      | dtburroughs the Minotaur Berserker began the quest for the
                  | Orb.
     0 | D:1      | Reached XP level 1. HP: 19/19 MP: 0/0
   199 | D:1      | Reached XP level 2. HP: 25/27 MP: 1/1
   786 | D:1      | Reached ** piety under Trog
   883 | D:1      | Reached XP level 3. HP: 33/33 MP: 2/2
  1288 | D:2      | Found a glowing golden altar of the Shining One.
  1330 | D:2      | Found an iron altar of Okawaru.
  1578 | D:2      | Reached XP level 4. HP: 36/40 MP: 3/3
  2132 | D:3      | Reached *** piety under Trog
  2880 | D:3      | Noticed Robin
  2894 | D:3      | Killed Robin
  2895 | D:3      | Reached XP level 5. HP: 12/47 MP: 4/4
  3556 | D:3      | Reached skill level 5 in Axes
  3559 | D:3      | Reached skill level 5 in Fighting
  3907 | D:4      | Reached XP level 6. HP: 45/56 MP: 5/5
  4038 | D:4      | Reached skill level 1 in Evocations
  4051 | D:4      | Reached **** piety under Trog
  4788 | D:5      | Entered Level 5 of the Dungeon
  4907 | D:5      | Reached XP level 7. HP: 54/61 MP: 6/6
  4969 | D:5      | Found a basalt altar of Yredelemnul.
  5011 | D:5      | Noticed Eustachio
  5014 | D:5      | Reached skill level 5 in Armour
  5023 | D:5      | Killed Eustachio
  5506 | D:5      | Reached skill level 5 in Dodging
  5605 | D:5      | Found an opulent altar of Gozag.
  5617 | D:5      | Found a staircase to the Ecumenical Temple.
  5784 | D:5      | Found a burning altar of Makhleb.
  5784 | D:5      | Noticed an Executioner
  5933 | D:6      | Reached XP level 8. HP: 70/70 MP: 7/7
  6023 | D:6      | Got a warped ring mail
  6861 | D:6      | Found a hide-covered altar of Uskayaw.
  7083 | D:7      | Found a broken altar of Ashenzari.
  7176 | D:7      | Found an ancient bone altar of Kikubaaqudgha.
  7178 | D:7      | Found a blossoming altar of Fedhas.
  7697 | D:7      | Identified the +5 ring mail of the Harvest Moon {rPois rF+
                  | Dex+4} (You found it on level 6 of the Dungeon)
  7706 | D:7      | Noticed Harold
  7713 | D:7      | Killed Harold
  7714 | D:7      | Reached XP level 9. HP: 79/79 MP: 8/8
  9093 | D:9      | Noticed a death yak
  9288 | D:9      | Found a staircase to the Lair.
  9288 | D:9      | Noticed a death yak
  9293 | D:9      | Noticed a death yak
  9296 | D:9      | Noticed a death yak
  9308 | D:8      | HP: 2/121 [death yak (8)]
  9309 | D:8      | Killed a death yak
  9769 | D:9      | Noticed a death yak
  9786 | D:8      | Killed a death yak
  9787 | D:8      | Reached skill level 5 in Evocations
 10036 | D:8      | Killed a death yak
 10037 | D:8      | Reached XP level 10. HP: 90/90 MP: 9/9
 10084 | D:8      | Killed a death yak
 10605 | D:8      | Killed a death yak
 11597 | D:9      | Found a sparkling altar of Nemelex Xobeh.
 11599 | D:9      | Found a shadowy altar of Dithmenos.
 11599 | D:9      | Found a broken altar of Ashenzari.
 11601 | D:9      | Found a shimmering blue altar of Sif Muna.
 11601 | D:9      | Found an iron altar of Okawaru.
 11601 | D:9      | Found a shimmering altar of Xom.
 11695 | D:10     | Entered Level 10 of the Dungeon
 11695 | D:10     | Noticed Snorg
 11709 | D:10     | Killed Snorg
 12232 | D:10     | Reached skill level 10 in Axes
 12232 | D:10     | Reached XP level 11. HP: 79/99 MP: 10/10
 12366 | D:10     | Reached skill level 10 in Fighting
 12465 | D:10     | Found a runed translucent door.
 12467 | D:10     | Noticed Hypnoxylon's ghost (novice TrFi)
 12468 | D:10     | Identified the +5 spear of Pasmir {vorpal, rF+ Str+3}
 13382 | D:11     | Reached skill level 10 in Armour
 13881 | D:11     | Reached ***** piety under Trog
 14169 | D:11     | Found a staircase to the Orcish Mines.
 14626 | D:11     | Noticed a tengu warrior
 14636 | D:11     | Found a broken altar of Ashenzari.
 14695 | D:11     | Noticed a centaur warrior
 14708 | D:11     | Killed a centaur warrior
 15024 | D:11     | Killed an unseen horror
 15486 | Lair:1   | Entered Level 1 of the Lair of Beasts
 15986 | Lair:1   | Reached skill level 10 in Dodging
 16004 | Lair:1   | Received a gift from Trog
 16034 | Lair:1   | Reached XP level 12. HP: 110/110 MP: 11/11
 17084 | Lair:2   | Found a hole to the Spider Nest.
 17374 | Lair:2   | Noticed Fannar
 17553 | Lair:2   | Killed Fannar
 17749 | Lair:2   | Noticed an ice dragon
 18131 | Lair:2   | Noticed a four-headed hydra
 18145 | Lair:2   | Killed a four-headed hydra
 18380 | Lair:2   | Killed an ice dragon
 19102 | Lair:3   | Noticed a seven-headed hydra
 19312 | Lair:3   | Noticed Rupert
 19326 | Lair:3   | Paralysed by Rupert for 4 turns
 19335 | Lair:3   | Killed Rupert
 19781 | Lair:3   | Reached XP level 13. HP: 113/119 MP: 12/12
 19839 | Lair:3   | Found a staircase to the Swamp.
 20402 | Lair:3   | Noticed Gastronok
 20422 | Lair:3   | Killed Gastronok
 21215 | Lair:4   | Noticed Urug
 21948 | Lair:4   | Killed Urug
 23770 | Lair:5   | Found a gate leading to a gauntlet.
 23778 | Gauntlet | Entered a Gauntlet
 23778 | Gauntlet | Found a transporter.
 23778 | Gauntlet | Found a transporter.
 23778 | Gauntlet | Noticed a dire elephant
 23779 | Gauntlet | Found a transporter.
 23779 | Gauntlet | Found a transporter.
 23782 | Gauntlet | Found a transporter.
 23798 | Gauntlet | Found a transporter.
 23862 | Gauntlet | Found a transporter.
 23877 | Gauntlet | Found a transporter.
 23888 | Gauntlet | Found a transporter.
 23898 | Gauntlet | Found a transporter.
 23913 | Gauntlet | Found a transporter.
 23919 | Gauntlet | Found a transporter.
 24243 | Gauntlet | Paralysed by a chaos spawn for 3 turns
 24387 | Gauntlet | Identified 3 scrolls of acquirement
 24394 | Gauntlet | Acquired 628 gold pieces
 24395 | Gauntlet | Acquired a +1 cloak of stealth
 24508 | Gauntlet | Noticed a minotaur
 24520 | Gauntlet | Killed a minotaur
 24839 | Lair:5   | Reached XP level 14. HP: 127/129 MP: 13/13
 25353 | Lair:6   | Entered Level 6 of the Lair of Beasts
 25372 | Lair:6   | Reached skill level 10 in Evocations
 26777 | Lair:6   | Found a staircase to the Slime Pits.
 27445 | Lair:1   | Acquired the ring of Feurr {rF+ Str+4}
 28933 | D:13     | Received a gift from Trog
 29069 | D:13     | Found a gate to the Vaults.
 29297 | D:13     | Found a runed translucent gate.
 29297 | D:13     | Found a runed translucent gate.
 29297 | D:13     | Found a runed translucent gate.
 29299 | D:13     | Noticed Gorgoleon's ghost (adept MfGl)
 29306 | D:13     | Found a viscous altar of Jiyva.
 29838 | D:14     | Identified the +11 mace of Yredelemnul's Hope {flame, rF++}
 30075 | D:14     | Noticed Kirke
 30182 | D:14     | Noticed a sphinx
 30183 | D:14     | Noticed a sphinx
 30187 | D:14     | Killed Kirke
 30188 | D:14     | Reached XP level 15. HP: 116/139 MP: 14/14
 30962 | D:15     | Entered Level 15 of the Dungeon
 31784 | D:15     | Found Mejilas's Magic Scroll Shop.
 31824 | D:15     | Bought a scroll of teleportation for 42 gold pieces
 31824 | D:15     | Bought a scroll of teleportation for 42 gold pieces
 31824 | D:15     | Bought a scroll of blinking for 105 gold pieces
 31824 | D:15     | Bought a scroll of blinking for 105 gold pieces
 32097 | D:15     | Found a staircase to the Depths.
 32736 | D:15     | Reached skill level 15 in Axes
 32739 | D:15     | Received a gift from Trog
 32931 | D:15     | Reached skill level 15 in Fighting
 32947 | D:15     | Reached skill level 1 in Shields
 33512 | Orc:1    | Entered Level 1 of the Orcish Mines
 33696 | Orc:1    | Found Xups's Jewellery Shoppe.
 33789 | Orc:2    | Entered Level 2 of the Orcish Mines
 33810 | Orc:2    | Found a staircase to the Elven Halls.
 33895 | Orc:2    | Noticed an orc warlord
 33918 | Orc:2    | Found Ziguf's Antique Weapon Boutique.
 33928 | Orc:1    | Found a frozen archway.
 33950 | Orc:1    | Reached skill level 15 in Armour
 33961 | IceCv    | Entered an ice cave
 34459 | IceCv    | Noticed a frost giant
 34481 | IceCv    | Killed a frost giant
 34603 | IceCv    | Found the cursed +13 scythe of Curses {drain, *Curse}
 34833 | IceCv    | Reached ****** piety under Trog
 35002 | Orc:1    | Found Caupt's Antique Weapon Emporium.
 35238 | Orc:2    | Found Wiuth's Weapon Shop.
 35334 | Orc:2    | Paralysed by an orc sorcerer for 7 turns
 35500 | Orc:2    | Killed an orc warlord
 36487 | Orc:1    | Found Wulysuna's Assorted Antiques.
 36495 | Orc:1    | Bought a scroll of fog for 70 gold pieces
 36495 | Orc:1    | Bought a scroll of fear for 122 gold pieces
 36495 | Orc:1    | Bought a potion of curing for 105 gold pieces
 36495 | Orc:1    | Bought a scroll of teleportation for 105 gold pieces
 36562 | Orc:1    | Found Nyec's Armour Emporium.
 36646 | Orc:2    | Found Ireomydu's Magic Scroll Boutique.
 36650 | Orc:2    | Bought a scroll of fear for 56 gold pieces
 36650 | Orc:2    | Bought a scroll of enchant armour for 120 gold pieces
 36650 | Orc:2    | Bought a scroll of blinking for 120 gold pieces
 36650 | Orc:2    | Bought a scroll of teleportation for 48 gold pieces
 36724 | Orc:2    | Reached XP level 16. HP: 126/149 MP: 15/15
 36880 | Orc:2    | Found a roughly hewn altar of Beogh.
 36884 | Orc:2    | Found Cujog's Jewellery Shoppe.
 36910 | Orc:2    | Found Osav's Antique Armour Shoppe.
 36926 | Orc:2    | Found Wuaffas's General Store.
 36933 | Orc:2    | Bought a potion of curing for 45 gold pieces
 36942 | Orc:2    | Found Lexomix's Antique Weapon Shoppe.
 37406 | Swamp:1  | Entered Level 1 of the Swamp
 37422 | Swamp:1  | Received a gift from Trog
 39456 | Swamp:2  | Reached skill level 5 in Shields
 40170 | Swamp:2  | Received a gift from Trog
 42176 | Swamp:3  | Noticed Aizul
 42186 | Swamp:3  | Killed Aizul
 42588 | Swamp:4  | Entered Level 4 of the Swamp
 43868 | Swamp:4  | Received a gift from Trog
 44008 | Swamp:4  | Reached XP level 17. HP: 139/158 MP: 16/16
 45182 | Swamp:4  | Noticed a bone dragon
 45198 | Swamp:4  | Killed a bone dragon
 45355 | Swamp:4  | Reached skill level 15 in Dodging
 45774 | Swamp:4  | Got a decaying rune of Zot
 46024 | Spider:1 | Entered Level 1 of the Spider Nest
 46827 | Spider:2 | Noticed Arachne
 46848 | Spider:2 | Killed Arachne
 47491 | Spider:2 | Received a gift from Trog
 49274 | Spider:4 | Entered Level 4 of the Spider Nest
 49274 | Spider:4 | Noticed Nikola
 49303 | Spider:3 | Killed Nikola
 49790 | Spider:4 | Noticed Mara
 49832 | Spider:4 | Noticed dtburroughs's illusion
 50309 | Spider:4 | Killed Mara
 50734 | Spider:4 | Received a gift from Trog
 51042 | Spider:4 | Reached XP level 18. HP: 111/168 MP: 17/17
 51216 | Spider:4 | Noticed Louise
 51216 | Spider:4 | Cast into level 2 of the Abyss (Louise)
 51216 | Abyss:2  | Found a broken altar of Ashenzari.
 51383 | Spider:4 | Escaped the Abyss
 51398 | Spider:4 | Killed Louise
 53835 | Spider:4 | Got a gossamer rune of Zot
 54112 | Vaults:1 | Entered Level 1 of the Vaults
 54638 | Orc:2    | Bought an uncursed ring of willpower for 375 gold pieces
 54659 | Orc:2    | Bought a scroll of acquirement for 832 gold pieces
 54663 | Orc:2    | Acquired 1060 gold pieces
 54896 | Vaults:1 | Reached skill level 10 in Shields
 56860 | Vaults:1 | Identified Sif Muna's Volume of Summoning
 57555 | Vaults:1 | Identified the Catalogue of the Rocks
 58470 | Elf:1    | Entered Level 1 of the Elven Halls
 58711 | Elf:1    | Noticed Donald
 58734 | Elf:1    | Killed Donald
 58902 | Elf:1    | Reached XP level 19. HP: 156/178 MP: 6/18
 59164 | Elf:1    | Noticed Frances
 59203 | Elf:1    | Killed Frances
 60876 | Elf:2    | Received a gift from Trog
 61307 | Elf:2    | Found a huge runed translucent gate.
 61307 | Elf:2    | Found a huge runed translucent gate.
 61307 | Elf:2    | Found a huge runed translucent gate.
 61309 | Elf:2    | Found a huge runed translucent gate.
 61309 | Elf:2    | Found a huge runed translucent gate.
 62422 | Elf:2    | Received a gift from Trog
 62584 | Elf:3    | Entered Level 3 of the Elven Halls
 63985 | Elf:3    | Noticed a Brimstone Fiend
 64845 | Elf:3    | Identified the ring "Tume" {rN+ Will+ Int+4 Dex-5}
 65074 | Elf:2    | Received a gift from Trog
 65107 | Elf:2    | Killed from afar by a ghostly deep elf death mage

Illustrated notes

Levels and vault maps discovered:
D:1:      saegor_arrival_simple_d, layout_basic
D:2:      layout_basic, chequers_temple_overflow_statue_of_worship
D:3:      cheibrodos_fertilizer, layout_basic, minmay_surrounded, uniq_robin
D:4:      layout_basic
D:5:      layout_loops_ring, lemuel_doored_altar,
          nicolae_gozag_cash_rules_everything_around_me,
          minmay_temple_entry_proselytizer, makhleb_altar_promises_db,
          uniq_eustachio
D:6:      layout_loops_corners, nicolae_overflow_hidden_temple
D:7:      layout_basic, grunt_temple_overflow_growth_and_decay, serial_bayou,
          serial_bayou_pond_c, serial_bayou_ford_a, serial_bayou_crossing,
          serial_bayou_shore_a, basic_altar, uniq_harold
D:8:      layout_cave_pods, grunt_ministairs_13
D:9:      layout_long_grid, doesnt_xom_only_xom, dpeg_lair_monsters,
          hangedman_abyss_or_decor_lesser_grid
D:10:     layout_roguey, ebering_ghost_funeral_grove, introduction_to_nature_2,
          uniq_snorg
D:11:     layout_stronghold, erik_orc_1, minivault_27, lemuel_tele_altar
D:12:     layout_cave_pods
D:13:     layout_roguey, erik_vaults_1, gammafunk_ghost_ooze, minivault_15,
          serial_bayou_pond_a
D:14:     layout_roguey, uniq_kirke
D:15:     gammafunk_depths_entry_grave, layout_cave_pods,
          chequers_serial_rivers_micro_d, serial_shops, shop,
          minmay_misc_feat_columns, serial_park_tiny_1
Lair:1:   layout_regular_city
Lair:2:   layout_cave_pods, spider_nest_entry_a, ice2_lemuel, uniq_fannar
Lair:3:   layout_cellular_growth, minmay_swamp_entry_wisps, grunt_megastairs_3,
          uniq_rupert, uniq_gastronok
Lair:4:   layout_hall_layers, grunt_megastairs_5, minmay_lair_oklob_chamber,
          uniq_urug
Lair:5:   layout_cave_pods, gauntlet_entry_generic, serial_bayou_shore_b,
          infiniplex_staircase_pool_2
Lair:6:   gammafunk_lair_ancient_temple, layout_loops_ring,
          minmay_slime_entry_jelly_boxes, chequers_serial_rivers_micro_b,
          fungi_pond_lemuel, chequers_serial_rivers_small_3,
          serial_bayou_shore_b
Swamp:1:  layout_falls_marsh, nicolae_swamp_trees_clearing, swamp_pool5
Swamp:2:  layout_falls_marsh, evilmike_swamp_ruin_house_4,
          nicolae_swamp_feature_on_the_river_bank
Swamp:3:  layout_basic_swamp, hangedman_swamp_lotus, swamp_pool3,
          st_swamp_ruins_3, uniq_aizul
Swamp:4:  swamp_pestilence, layout_basic_swamp, swamp_pool4
Spider:1: layout_spider_delve, hangedman_spider_tarantella_strand
Spider:2: layout_spider_delve, uniq_arachne
Spider:3: layout_chambers
Spider:4: spider_rune_water, uniq_nikola, uniq_mara, uniq_louise
Orc:1:    layout_caves, serial_shops, shop_statue, shop_fountains, shop_coins,
          shop, portal_ice_cave_entry_pillars_2
Orc:2:    grunt_orc_cross, layout_caves, serial_shops, shop, nicolae_shop_stone,
          shop
Elf:1:    eino_elf_arrival_the_gate, layout_onion_city, hangedman_elf_represent,
          grunt_ministairs_1, uniq_frances, uniq_donald
Elf:2:    layout_loops_corners
Elf:3:    elf_hall, layout_geoelf_diagonals
Vaults:1: nicolae_vaults_angled_halls, ontoclasm_vaults_shout,
          ontoclasm_vaults_claustrophobia, nicolae_vaults_border_crossing,
          vaults_room_door_ring, nicolae_vaults_mini_display_case,
          layout_vaults_omnigrid, serial_hangedman_research,
          hangedman_research_convocations, hangedman_research_electronics,
          hangedman_research_probablistics, hangedman_research_geology

Skill      XL: |  1  2  3  4  5  6  7  8  9 10 11 12 13 14 15 16 17 18 19 |
---------------+----------------------------------------------------------+-----
Axes           | 4 5 6 7 9 10 11 12 13 14 15 16 17 18 | 18.4
Fighting       | 4 5 6 7 8 9 11 12 13 14 15 16 17 18 | 18.4
Armour         | 3 4 5 7 8 9 10 12 13 14 15 16 17 18 | 18.3
Dodging        | 3 4 5 6 7 8 10 11 12 13 14 15 16 | 16.9
Evocations     | 1 2 3 5 6 7 8 9 10 11 12 13 14 | 14.3
Shields        | 3 7 9 10 12 | 12.1

Action                   |  1- 3 |  4- 6 |  7- 9 | 10-12 | 13-15 | 16-18 | 19-21 || total
-------------------------+-------+-------+-------+-------+-------+-------+-------++-------
Melee: Hand axe          |    75 |   168 |       |       |       |       |       ||   243
       Headbutt          |    12 |    37 |    36 |   180 |   406 |   507 |   151 ||  1329
       War axe           |       |    16 |   176 |   668 |   359 |   496 |   586 ||  2301
       Morningstar       |       |       |       |     5 |    23 |       |       ||    28
       Dire flail        |       |       |       |       |   347 |       |       ||   347
       Executioner's axe |       |       |       |       |   249 |       |       ||   249
       Unarmed           |       |       |       |       |     6 |       |       ||     6
       Broad axe         |       |       |       |       |   213 |  1000 |       ||  1213
       Mace              |       |       |       |       |   115 |    60 |       ||   175
Invok: Trog's Hand       |       |     1 |     3 |     8 |    12 |    20 |    10 ||    54
       Berserk           |       |       |     4 |     5 |     1 |     1 |       ||    11
       Brothers in Arms  |       |       |       |     1 |     3 |    13 |     1 ||    18
 Abil: Evoke Flight      |       |       |       |       |     2 |     1 |       ||     3
Evoke: Wand              |       |       |     7 |    10 |     5 |    16 |     3 ||    41
       Lightning rod     |       |       |       |     3 |     4 |       |       ||     7
       Phantom mirror    |       |       |       |       |       |     1 |       ||     1
  Use: Scroll            |       |       |     8 |     6 |    26 |    20 |     2 ||    62
       Potion            |       |       |       |     2 |     4 |     9 |     1 ||    16
 Stab: Invisible         |       |       |       |       |     1 |       |       ||     1
       Distracted        |       |       |       |       |     1 |     3 |       ||     4
       Paralysed         |       |       |       |       |       |    12 |     4 ||    16
Armor: Animal skin       |    16 |    11 |       |       |       |       |       ||    27
       Ring mail         |       |    15 |    27 |   278 |   599 |   783 |   118 ||  1820
       Chain mail        |       |       |     3 |       |       |       |       ||     3
       Swamp dragon scal |       |       |     9 |       |       |       |       ||     9
       Plate armour      |       |       |     8 |    49 |       |       |       ||    57
Dodge: Dodged            |    56 |   117 |   106 |   670 |  1484 |  1320 |   237 ||  3990
Block: Kite shield       |       |       |       |       |    71 |  1648 |   370 ||  2089
       Buckler           |       |       |       |       |    57 |       |       ||    57
